 Dungeon Crawl Stone Soup version 0.25.1-2-g60ff931df9 (webtiles) character file.

Game seed: 9404276731652548430

14022 Curus the Spear-Bearer (level 11, 0/145 HPs)
             Began as a Red Draconian Berserker on Oct 10, 2020.
             Was an Elder of Trog.
             Succumbed to a water moccasin's poison
             ... on level 2 of the Lair of Beasts.
             The game lasted 01:05:23 (14955 turns).

Curus the Spear-Bearer (Red Draconian Berserker)   Turns: 14955, Time: 01:05:23

Health: 0/145      AC: 11    Str: 20    XL:     11   Next: 83%
Magic:  1/14       EV: 16    Int:  8    God:    Trog [****..]
Gold:   450        SH:  7    Dex: 13    Spells: 10/10 levels left

rFire    + . .     SeeInvis +   n - +1 trident
rCold    + . .     Gourm    .   q - +2 buckler
rNeg     . . .     Faith    .   (armour unavailable)
rPois    .         Spirit   +   (helmet restricted)
rElec    .         Reflect  .   j - +1 cloak
rCorr    .         Harm     .   d - +1 pair of gloves
MR       ++...                  (no boots)
Stlth    ..........             v - amulet of guardian spirit
HPRegen  1.34/turn              f - ring of see invisible
MPRegen  0.14/turn              l - ring of protection from cold

@: berserking, lethally poisoned (0 -> -18), regenerating, very quick
A: breathe fire, unfitting armour, fire resistance 1, cold-blooded, AC +7
a: Breathe Fire, Berserk, Trog's Hand, Brothers in Arms, Renounce Religion


You were on level 2 of the Lair of Beasts.
You worshipped Trog.
Trog was greatly pleased with you.
You were not hungry.

You visited 2 branches of the dungeon, and saw 12 of its levels.

You collected 644 gold pieces.
You spent 194 gold pieces at shops.

Inventory:

Hand Weapons
 a - a +0 spear
 n - a +1 trident (weapon)
 o - a +2 quarterstaff of speed
Armour
 d - a +1 pair of gloves (worn)
 j - a +1 cloak (worn)
 q - a +2 buckler (worn)
 x - a +0 kite shield
Jewellery
 f - a ring of see invisible (left hand)
 l - a ring of protection from cold (right hand)
 u - an uncursed amulet of the acrobat
 v - an amulet of guardian spirit (around neck)
Wands
 m - a wand of polymorph (18)
 p - a wand of disintegration (20)
 s - a wand of random effects (17)
 t - a wand of flame (25)
 w - a wand of acid (6)
 y - a wand of paralysis (12)
Scrolls
 c - 6 scrolls of remove curse
 g - 11 scrolls of identify
 h - 2 scrolls of fog
 i - 12 scrolls of teleportation
 k - 3 scrolls of blinking
Potions
 e - 7 potions of curing
 r - a potion of heal wounds
 z - 2 potions of haste
Comestibles
 b - 18 rations


   Skills:
 + Level 9.6 Fighting
 - Level 14.0 Polearms
 + Level 8.0 Dodging
 - Level 4.1 Shields
 - Level 4.1 Evocations


You had 10 spell levels left.
You didn't know any spells.
Your spell library was empty.

Dungeon Overview and Level Annotations

Branches:
Dungeon (10/15)            Temple (0/1) D:6            Lair (2/6) D:10
  Swamp: Lair:2-4    Shoals: Lair:2-4     Snake: Lair:2-4    Spider: Lair:2-4
    Orc: D:9-12

Altars:
Cheibriados
Dithmenos
Elyvilon
Gozag
Hepliaklqana
Kikubaaqudgha
Okawaru
Sif Muna
Trog
Vehumet
Wu Jian
Yredelemnul
The Shining One

Shops:
D:9 }(*

Annotations:
D:9 2 transporters, Gaxx's ghost, novice DsGl


Innate Abilities, Weirdness & Mutations

You can breathe blasts of fire.
Your fiery red scales are hard. (AC +7)
You cannot fit into any form of body armour.
Your flesh is heat resistant. (rF+)
You are cold-blooded and may be slowed by cold attacks.


Message History

You barely miss the water moccasin.
Your tail-slap misses the water moccasin.
The water moccasin is severely wounded.
* * * LOW HITPOINT WARNING * * *
You feel sick. The water moccasin closely misses you.
You puncture the water moccasin!
You kill the water moccasin!
Trog accepts your kill.
Your Dodging skill increases to level 8!
* * * LOW HITPOINT WARNING * * *
You feel sick.
You impale the water moccasin!!
The water moccasin is severely wounded.
* * * LOW HITPOINT WARNING * * *
You feel sick. The water moccasin bites you.
* * * LOW HITPOINT WARNING * * *
You puncture the water moccasin!
You kill the water moccasin!
Trog accepts your kill.
You die...

.......<...
.....(..
.#.###)####
###......# ##
## .#......##
#........# #
#........# #
##......# #
#..††...# #
#..†@...# #
#...††...# #
...........#
#
............#
..........>.#
............#
...........##
............
.


There were no monsters in sight!

Vanquished Creatures
  A hydra (Lair:1)
  A two-headed ogre (D:9)
  A centaur warrior (D:9)
  A black mamba (Lair:2)
  Joseph (D:7)
  Psyche (D:9)
  5 spiny frogs
  Maggie (Lair:1)
  3 komodo dragons
  A troll (D:9)
  4 blink frogs (Lair:2)
  Prince Ribbit (D:5)
  Sigmund (D:6)
  3 yaks (D:9)
  4 hogs (D:7)
  2 basilisks (Lair:1)
  A human (D:7)
  Menkaure (D:4)
  A soldier ant (D:8)
  2 wargs (D:10)
  4 water moccasins
  Duvessa (D:5)
  A porcupine (Lair:2)
  A black bear (D:10)
  6 orc warriors
  3 ice beasts
  2 sky beasts
  A phantom (D:9)
  6 ogres
  A wolf (D:6)
  4 centaurs
  2 crocodiles (Lair:1)
  6 bullfrogs
  3 gnoll sergeants (D:6)
  Dowan (D:5)
  3 scorpions
  A wyvern skeleton (D:9)
  2 jellies
  3 crimson imps
  3 bullfrog zombies
  6 orc priests
  A bullfrog skeleton (D:9)
  6 hounds
  9 orc wizards
  Crazy Yiuf (D:3)
  A centaur skeleton (D:6)
  3 gnoll shamans
  An iron imp (D:9)
  4 iguanas
  6 worker ants
  Ijyb (D:5)
  A killer bee zombie (D:9)
  A worker ant zombie (D:8)
  26 gnolls
  A howler monkey skeleton (D:5)
  14 adders
  2 shadow imps
  2 oozes
  An adder zombie (D:7)
  An adder skeleton (D:4)
  4 worms
  3 dart slugs (D:2)
  2 leopard geckos
  39 orcs
  6 bats
  4 giant cockroaches
  2 goblins
  A hobgoblin (D:2)
  7 jackals
  5 quokkas
  3 ball pythons
  A ball python skeleton (D:4)
  3 frilled lizards
  A jackal skeleton (D:8)
  2 kobolds (D:2)
  A quokka zombie (D:7)
  5 rats
267 creatures vanquished.

Vanquished Creatures (others)
  A fungus (Lair:1)
1 creature vanquished.

Grand Total: 268 creatures vanquished

Notes
Turn   | Place    | Note
-------+----------+-------------------------------------------
     0 | D:1      | Curus the Draconian Berserker began the quest for the Orb.
     0 | D:1      | Reached XP level 1. HP: 19/19 MP: 1/1
   726 | D:2      | Reached XP level 2. HP: 22/26 MP: 2/2
   830 | D:2      | Reached skill level 4 in Polearms
  1121 | D:2      | Reached XP level 3. HP: 31/31 MP: 3/3
  1572 | D:2      | Reached skill level 5 in Polearms
  1572 | D:2      | Reached XP level 4. HP: 35/38 MP: 4/4
  2474 | D:3      | Reached XP level 5. HP: 45/45 MP: 5/5
  2944 | D:3      | Found a runed translucent door.
  2945 | D:3      | Noticed Crazy Yiuf
  3108 | D:3      | Killed Crazy Yiuf
  3108 | D:3      | Reached skill level 6 in Polearms
  3721 | D:4      | Found an opulent altar of Gozag.
  3725 | D:4      | Noticed Menkaure
  3735 | D:4      | Killed Menkaure
  3735 | D:4      | Reached skill level 7 in Polearms
  3735 | D:4      | Reached XP level 6. HP: 16/51 MP: 6/6
  4026 | D:4      | Found a hazy altar of Hepliaklqana.
  4044 | D:4      | Found a glowing golden altar of the Shining One.
  4214 | D:4      | Reached ** piety under Trog
  4356 | D:4      | Noticed a sky beast
  4380 | D:4      | Killed a sky beast
  4380 | D:4      | Reached skill level 8 in Polearms
  4380 | D:4      | Your scales start taking on a fiery red colour.
  4380 | D:4      | Reached XP level 7. HP: 29/57 MP: 7/7
  4380 | D:4      | Gained mutation: Your flesh is heat resistant. (rF+) [Red
                  | Draconian growth]
  4653 | D:4      | You fall into a shaft and drop 1 floor!
  4653 | D:5      | Entered Level 5 of the Dungeon
  4671 | D:5      | Noticed Ijyb
  4715 | D:5      | Killed Ijyb
  4782 | D:5      | Noticed Dowan
  4782 | D:5      | Noticed Duvessa
  4799 | D:5      | Killed Duvessa
  4803 | D:5      | Killed Dowan
  4803 | D:5      | Reached skill level 9 in Polearms
  5152 | D:5      | Noticed Prince Ribbit
  5162 | D:5      | Killed Prince Ribbit
  5162 | D:5      | Reached skill level 10 in Polearms
  5162 | D:5      | Reached XP level 8. HP: 40/63 MP: 8/8
  5712 | D:5      | Found a shadowy altar of Dithmenos.
  6092 | D:6      | Found a staircase to the Ecumenical Temple.
  6148 | D:6      | Reached skill level 11 in Polearms
  6392 | D:6      | HP: 3/94 [gnoll sergeant/+0 spear (3)]
  6737 | D:6      | Noticed Sigmund
  6759 | D:6      | Reached XP level 9. HP: 45/70 MP: 9/9
  6764 | D:6      | Killed Sigmund
  6764 | D:6      | Reached skill level 12 in Polearms
  7083 | D:6      | Reached *** piety under Trog
  7169 | D:6      | Found a basalt altar of Yredelemnul.
  7170 | D:6      | Found an iron altar of Okawaru.
  7716 | D:6      | Found a bloodstained altar of Trog.
  7945 | D:7      | Found an ornate altar of the Wu Jian Council.
  8406 | D:7      | Reached skill level 13 in Polearms
  8547 | D:7      | Noticed Joseph
  8581 | D:7      | Killed Joseph
  9044 | D:7      | Reached skill level 14 in Polearms
  9055 | D:7      | Reached XP level 10. HP: 59/77 MP: 10/10
  9369 | D:8      | Noticed Maurice
  9370 | D:8      | Noticed Maurice
  9370 | D:8      | Maurice changed into Maurice the soldier ant
  9384 | D:8      | Killed Maurice the soldier ant
  9626 | D:8      | You fall into a shaft and drop 2 floors!
  9626 | D:10     | Entered Level 10 of the Dungeon
  9941 | D:9      | Found Ematilubri's Gadget Shoppe.
  9963 | D:9      | Noticed Psyche
  9972 | D:9      | Reached **** piety under Trog
  9980 | D:9      | Killed Psyche
  9980 | D:9      | Reached skill level 5 in Fighting
 10406 | D:9      | Noticed a centaur warrior
 10417 | D:9      | Killed a centaur warrior
 10417 | D:9      | Reached skill level 5 in Dodging
 10704 | D:9      | Found a transporter.
 10722 | D:9      | Noticed a deep elf archer
 10723 | D:9      | Noticed Gaxx's ghost (novice DsGl)
 10760 | D:8      | Found a shimmering blue altar of Sif Muna.
 10760 | D:8      | Found an ancient bone altar of Kikubaaqudgha.
 10761 | D:8      | Found a radiant altar of Vehumet.
 11167 | D:9      | Found Bopio's General Store.
 11167 | D:9      | Noticed a two-headed ogre
 11177 | D:9      | Killed a two-headed ogre
 11196 | D:9      | Identified the +6 hand axe "Voodd" {speed, rF++}
 11232 | D:9      | Bought a scroll of blinking for 97 gold pieces
 11232 | D:9      | Bought a scroll of enchant weapon for 97 gold pieces
 11389 | D:9      | Found a transporter.
 11800 | D:9      | Reached XP level 11. HP: 66/94 MP: 8/11
 11940 | D:9      | Found Qakeom's Antique Weapon Shoppe.
 12005 | D:9      | Found a white marble altar of Elyvilon.
 12302 | D:9      | Found a snail-covered altar of Cheibriados.
 12425 | D:10     | Reached ***** piety under Trog
 12455 | D:10     | Found a staircase to the Lair.
 12513 | Lair:1   | Entered Level 1 of the Lair of Beasts
 12529 | Lair:1   | Reached skill level 1 in Shields
 12529 | Lair:1   | Reached skill level 1 in Evocations
 12993 | Lair:1   | Noticed Maggie
 13015 | Lair:1   | Killed Maggie
 13561 | Lair:1   | Noticed an eight-headed hydra
 13573 | Lair:1   | Killed an eight-headed hydra
 14951 | Lair:2   | HP: 7/145 [water moccasin (3)]
 14954 | Lair:2   | HP: 1/145 [water moccasin (3)]
 14955 | Lair:2   | Succumbed to a water moccasin's poison

Illustrated notes

Levels and vault maps discovered:
D:1:      dpeg_arrival_circle_labyrinth_c, layout_rooms
D:2:      layout_basic, first_ration, feat_on_display
D:3:      layout_loops_ring, uniq_crazy_yiuf_cottage
D:4:      layout_gridville, kennysheep_mini, tso_oasis_becter,
          kennysheep_mini_moat, minmay_bent, uniq_blork_the_orc, uniq_menkaure
D:5:      layout_basic, grunt_dithmenos_shadows, uniq_ijyb, uniq_duvessa,
          uniq_prince_ribbit1
D:6:      layout_cave_pools, kennysheep_little_box,
          gammafunk_temple_overflow_pools, minmay_temple_entry_butterflies,
          serial_gnoll_camp, gnoll_camp_medium_01, gnoll_camp_mini_hut,
          gnoll_camp_medium_02, gnoll_camp_mini_loothouse, gnoll_camp_mini_hut,
          uniq_sigmund
D:7:      layout_rooms, nicolae_overflow_crystal_walls, grunt_livestock,
          minmay_stone_trees_medium, uniq_joseph
D:8:      layout_basic, grunt_temple_overflow_magic_moments, uniq_maurice
D:9:      layout_roguey [special_room_orc], slow_altar_2, elyvilon_altar_3,
          serial_shops, nicolae_shop_waterfront,
          nicolae_shop_overgrown_old_shop, shop, gammafunk_ghost_arena,
          uniq_psyche
D:10:     layout_stronghold, erik_lair_orcish_takeover, orc_0_dummy
Lair:1:   layout_regular_city, serial_bayou_shore_a, uniq_maggie
Lair:2:   layout_big_grid, minmay_shoals_entry_lonely_mermaid, lemuel_fruit_tree

Skill      XL: |  1  2  3  4  5  6  7  8  9 10 11 |
---------------+----------------------------------+-----
Polearms       | 4 5 7 8 10 11 14 | 14.0
Dodging        | 6 8 |  8.0
Fighting       | 7 9 |  9.6
Shields        | 4 |  4.1
Evocations     | 4 |  4.1

Action                   |  1- 3 |  4- 6 |  7- 9 | 10-12 || total
-------------------------+-------+-------+-------+-------++-------
Melee: Spear             |    98 |   171 |       |       ||   269
       Tailslap          |    12 |    17 |    56 |   102 ||   187
       Trident           |       |    43 |   468 |   655 ||  1166
Invok: Berserk           |       |     3 |     8 |    11 ||    22
       Trog's Hand       |       |       |     1 |     5 ||     6
 Abil: Breathe Fire      |       |       |     1 |     4 ||     5
Evoke: Wand              |       |       |       |     1 ||     1
  Use: Scroll            |     5 |     3 |     5 |     4 ||    17
       Potion            |     1 |     2 |     3 |     2 ||     8
 Stab: Sleeping          |     2 |     3 |     2 |     2 ||     9
  Eat: Chunk             |     2 |     8 |    14 |    15 ||    39
       Ration            |       |     1 |     3 |     5 ||     9
Armor: Skin              |    28 |    56 |   116 |    96 ||   296
Dodge: Dodged            |    45 |    95 |   235 |   251 ||   626
Block: Buckler           |       |       |    37 |   100 ||   137
